AoeStats
← TT

Arena

510552072Analyzed
4v4 RM · 14h ago on Oct 1, 2026· 42m 53s· 8 players
Game mode
Random Map
Map size
Large (8 player)
Population
200
Speed
Normal
Resources
Standard
Victory
Conquest
Starting age
Dark Age
Ending age
Imperial Age
RankedLock teamsTeams togetherTeam positionsShared explorationLock speedFull tech treeHidden civsTurbo modeCheats
Victory
Defeat
🇨🇳 Turks · China
1122
+15
🇮🇳 Muisca · India
1108
+16
🇨🇳 Spanish · China
1104
+16
🇨🇳 Ethiopians · China
1054
+18
🇳🇴 Bohemians · Norway
1135
-45
🇬🇷 Mongols · Greece
1106
-16
🇧🇷 Khmer · Brazil
1101
-16
🇮🇪 Britons · Ireland
1075
-15
redjumper99
10:22 Feudal Age
10:47 Horse Collar
10:55 Double-Bit Axe
11:25 Loom
17:14 Castle Age
16:12 Gold Mining
17:22 Stone Mining
18:09 Bow Saw
19:30 Wheelbarrow
23:56 Town Watch
24:32 Fletching
26:06 Padded Archer Armor
26:57 Gold Shaft Mining
26:53 Bodkin Arrow
28:28 Leather Archer Armor
29:10 Heavy Plow
30:18 Fortified Wall
31:36 Hand Cart
31:21 Pikeman
32:02 Squires
34:38 Imperial Age
32:02 Elite Skirmisher
33:31 Masonry
33:36 Forging
35:28 Bracer
34:51 Elite Longbowman
36:19 Iron Casting
36:17 Ring Archer Armor
37:01 Two-Man Saw
37:03 Iron Casting
37:07 Halberdier
37:47 Halberdier
39:38 Blast Furnace
40:43 Scale Mail Armor
41:07 Conscription
40:29 Crossbowman
GodlySiege
10:02 Feudal Age
10:13 Loom
13:42 Castle Age
11:55 Double-Bit Axe
12:31 Horse Collar
15:26 Wheelbarrow
15:11 Fervor
21:07 Heavy Plow
21:22 Bow Saw
25:07 Redemption
29:23 Imperial Age
28:30 Hand Cart
29:55 Chemistry
29:00 Scale Mail Armor
29:10 Forging
28:49 Pikeman
29:30 Squires
29:15 Arson
30:29 Wagenburg Tactics
29:55 Halberdier
30:11 Houfnice
33:42 Iron Casting
33:22 Chain Mail Armor
33:42 Iron Casting
33:31 Conscription
37:50 Blast Furnace
37:20 Plate Mail Armor
37:50 Blast Furnace
37:21 Plate Mail Armor
Fazer
12:18 Feudal Age
10:34 Loom
14:01 Double-Bit Axe
16:41 Castle Age
15:31 Wheelbarrow
18:20 Bow Saw
17:53 Horse Collar
18:34 Bloodlines
20:55 Husbandry
21:47 Scale Barding Armor
23:11 Town Watch
23:38 Forging
24:57 Hand Cart
24:48 Heavy Plow
27:28 Gold Mining
28:50 Fletching
29:01 Padded Archer Armor
29:27 Thumb Ring
31:18 Bodkin Arrow
31:39 Leather Archer Armor
32:45 Gold Shaft Mining
32:04 Stone Mining
32:50 Murder Holes
33:17 Ballistics
37:12 Imperial Age
36:22 Iron Casting
36:02 Masonry
37:03 Nomads
38:11 Elite Steppe Lancer
TT
1:04 Loom
13:25 Feudal Age
14:45 Town Watch
17:08 Castle Age
17:43 Horse Collar
17:54 Double-Bit Axe
22:46 Fletching
24:18 Bodkin Arrow
28:49 Wheelbarrow
メHANSメ
9:03 Feudal Age
9:53 Double-Bit Axe
12:26 Wheelbarrow
15:02 Castle Age
15:00 Horse Collar
20:41 Loom
21:20 Hand Cart
20:58 Town Watch
23:47 Bow Saw
23:40 Heavy Plow
27:51 Scale Mail Armor
28:01 Forging
27:42 Fletching
30:30 Imperial Age
28:43 Gold Mining
29:45 Bodkin Arrow
30:14 Ballistics
30:26 Thumb Ring
29:42 Crossbowman
30:25 Padded Archer Armor
31:29 Bracer
32:33 Chemistry
31:57 Conscription
31:40 Herbalism
31:26 Arbalester
32:26 Leather Archer Armor
31:57 Treadmill Crane
32:30 Masonry
32:25 Siege Engineers
34:20 Gold Shaft Mining
33:40 Stone Mining
34:51 Two-Man Saw
34:21 Crop Rotation
34:41 Elite Guecha Warrior
34:47 Champi Runner
35:27 Squires
34:58 Elite Skirmisher
36:50 Town Patrol
39:39 Champi Warrior
40:36 Chain Mail Armor
40:31 Forging
41:12 Huaracas
41:01 Elite Champi Warrior
42:49 Iron Casting
42:47 Plate Mail Armor
箭无虚发
11:14 Feudal Age
11:48 Double-Bit Axe
11:44 Horse Collar
17:55 Castle Age
19:57 Gold Mining
20:26 Bow Saw
27:10 Imperial Age
27:39 Squires
28:30 Wheelbarrow
28:51 Conscription
29:13 Forging
29:04 Scale Mail Armor
30:37 Ballistics
31:13 Bloodlines
30:39 Capped Ram
31:41 Husbandry
33:05 Iron Casting
33:49 Scale Barding Armor
34:01 Chain Mail Armor
34:48 Blast Furnace
37:59 Chain Mail Armor
39:42 Chain Barding Armor
41:20 Plate Mail Armor
3122521604
11:11 Feudal Age
15:08 Castle Age
13:06 Double-Bit Axe
13:14 Horse Collar
16:01 Heavy Plow
18:13 Loom
30:45 Imperial Age
33:24 Wheelbarrow
36:02 Bloodlines
35:53 Husbandry
35:14 Cavalier
36:38 Bow Saw
39:31 Paladin
42:44 Forging
42:39 Scale Barding Armor
Money Lin
10:35 Feudal Age
16:11 Castle Age
14:04 Double-Bit Axe
14:00 Horse Collar
17:18 Bow Saw
21:01 Stone Mining
26:54 Forging
27:20 Scale Mail Armor
33:58 Imperial Age
33:36 Iron Casting
33:17 Chain Mail Armor
34:11 Capped Ram
36:22 Blast Furnace
36:28 Conscription
36:58 Squires
38:00 Elite Shotel Warrior
Connection lost

Rejoining the realm…

Still unreachable

The connection could not be restored.

Session expired

The server has moved on; the page needs a fresh start.